 Dungeon Crawl Stone Soup version 0.28-a0-938-gbc3f381ebc (webtiles) character file.

Game seed: 8891369485926919702

24 mcbry74 the Skirmisher (level 3, -1/33 HPs)
             Began as a Hill Orc Fighter on Nov 28, 2021.
             Succumbed to an orc's poison
             ... on level 4 of the Dungeon.
             The game lasted 00:02:49 (472 turns).

mcbry74 the Skirmisher (Hill Orc Fighter)            Turns: 472, Time: 00:02:50

Health: -1/33      AC:  6    Str: 19    XL:     3   Next: 2%
Magic:  3/3        EV:  9    Int:  8    God:
Gold:   9          SH:  4    Dex: 10    Spells: 2/2 levels left

rFire   . . .      SeeInvis .   a - +0 war axe
rCold   . . .      Faith    .   c - +0 buckler
rNeg    . . .      Spirit   .   b - +0 scale mail
rPois   .          Reflect  .   (no helmet)
rElec   .          Harm     .   (no cloak)
rCorr   .          Rampage  .   (no gloves)
Will    .....                   (no boots)
Stlth   ..........              (no amulet)
HPRegen 0.11/turn               (no ring)
MPRegen 0.08/turn               (no ring)

@: lethally poisoned (-1 -> -14)
A: no striking features
a: no special abilities


You were on level 4 of the Dungeon.
You visited 1 branch of the dungeon, and saw 4 of its levels.

You collected 9 gold pieces.

Inventory:

Hand Weapons
 a - a +0 war axe (weapon)
Armour
 b - a +0 scale mail (worn)
 c - a +0 buckler (worn)
Scrolls
 e - a scroll of fog {unknown}
 f - a scroll of immolation {unknown}
Potions
 d - a potion of might


   Skills:
 - Level 4.1 Fighting
 * Level 3.5 Axes
 + Level 3.4 Armour
 - Level 3.5 Shields


You had 2 spell levels left.
You didn't know any spells.
Your spell library was empty.

Dungeon Overview and Level Annotations

Branches:
Dungeon (4/15)
 Temple: D:4-7

Altars:


Message History

The orc shouts!
A hobgoblin comes into view.
You see here a scroll labelled ALE HUXKUTZ.
f - a scroll labelled ALE HUXKUTZ An orc comes into view.
It is wielding a +0 dagger.
You block the orc's attack. The ufetubus closely misses you.
The ufetubus hits you but does no damage.
The ufetubus hits you. x2
You closely miss the ufetubus. The ufetubus closely misses you.
The ufetubus barely misses you. The ufetubus hits you. x2
You miss the ufetubus.
The ufetubus hits you but does no damage.
You block the ufetubus's attack. The ufetubus completely misses you.
You block the ufetubus's attack.
You closely miss the ufetubus. The ufetubus hits you.
The ufetubus closely misses you. The ufetubus hits you.
The ufetubus barely misses you.
You closely miss the ufetubus. The ufetubus closely misses you.
The ufetubus barely misses you. x2; The ufetubus hits you.
You slash the ufetubus!
You kill the ufetubus!
Your Fighting skill increases to level 4!
You have reached level 3!
Your experience leads to an increase in your attributes!
Increase (S)trength, (I)ntelligence, or (D)exterity?
You feel stronger.
The orc hits you with a +1 dagger of venom.
You are lethally poisoned!
You feel very sick. The orc hits you but does no damage.
You are more poisoned.
* * * LOW HITPOINT WARNING * * *
You feel very sick.
The orc shouts!
You block the orc's attack.
* * * LOW HITPOINT WARNING * * *
You feel very sick. The orc barely misses you.
You die...

### #.. o
#.#####.#
#........ ###
#........ #<#
#........
##.######........
#...@ooggo.|.....
#########o.......
#........
##....... .......
#####.. ..


You could see 4 orcs and 2 hobgoblins.

Vanquished Creatures
  An ufetubus (D:4)
  A worm (D:2)
  A goblin (D:2)
  3 hobgoblins
  3 jackals (D:3)
  A kobold (D:3)
  2 frilled lizards
  5 rats
17 creatures vanquished.

Notes
Turn   | Place    | Note
-------+----------+-------------------------------------------
     0 | D:1      | mcbry74 the Hill Orc Fighter began the quest for the Orb.
     0 | D:1      | Reached XP level 1. HP: 19/19 MP: 1/1
   174 | D:2      | Reached XP level 2. HP: 25/27 MP: 2/2
   468 | D:4      | Reached skill level 4 in Fighting
   468 | D:4      | Reached XP level 3. HP: 14/33 MP: 3/3
   472 | D:4      | Succumbed to an orc's poison

Illustrated notes

Levels and vault maps discovered:
D:1:      dpeg_arrival_rooms_b, layout_loops_corners, serial_shops, shop,
          shapermc_ecumenical_altar_notcrosses
D:2:      layout_basic, serial_shops, shop
D:3:      minmay_razor_zed, layout_basic, serial_glass, glass_columns_b,
          glass_columns_a, glass_columns_a
D:4:      layout_basic, nicolae_overflow_crystal_walls,
          hangedman_decor_peaks_small, uniq_robin, uniq_pikel

Skill      XL: |  1  2 |
---------------+-------+-----
Axes           | 3 |  3.5
Fighting       | 4 |  4.1
Armour         | |  3.4
Shields        | |  3.5

Action                   || total
-------------------------++-------
Melee: War axe           ||    36
Armor: Scale mail        ||    20
Dodge: Dodged            ||    24
Block: Buckler           ||    10

Table legend: (Time is in decaauts)
 A = Elapsed time spent in this place.
 B = Non-inter-level travel time spent in this place.
 C = Inter-level travel time spent in this place.
 D = Time resting spent in this place.
 E = Time spent auto-exploring this place.
 F = Levels seen in this place.
 G = Mean time per level.
                   A        B        C        D        E       F      G
               +--------+--------+--------+--------+--------+-----+--------+
         Total |    484 |    484 |      0 |    183 |    156 |   4 |  121.0 |
       Dungeon |    484 |    484 |      0 |    183 |    156 |   4 |  121.0 |
               +--------+--------+--------+--------+--------+-----+--------+

Top non-repeatable levels by time:
     D:2: 198 daAuts
     D:1: 160 daAuts
     D:3: 99 daAuts
     D:4: 25 daAuts
